AoeStats
← Natamoko

Arena

509915699Analyzed
2v2 RM · 4d ago on Sep 28, 2026· 87m 34s· 4 players
Game mode
Random Map
Map size
Medium (4 player)
Population
200
Speed
Normal
Resources
Standard
Victory
Conquest
Starting age
Dark Age
Ending age
Imperial Age
RankedLock teamsTeams togetherTeam positionsShared explorationLock speedFull tech treeHidden civsTurbo modeCheats
Victory
Defeat
🇹🇼 Persians · Taiwan
931
+16
🇪🇸 Aztecs · Spain
911
+17
🇪🇸 Britons · Spain
939
-17
🇪🇸 Spanish · Spain
921
-16
McBasil
4:22 Loom
11:57 Feudal Age
13:57 Double-Bit Axe
16:49 Wheelbarrow
18:49 Castle Age
18:55 Horse Collar
20:03 Gold Mining
20:04 Stone Mining
20:00 Eagle Warrior
20:52 Forging
20:42 Scale Mail Armor
21:43 Heavy Plow
22:21 Squires
23:15 Fletching
25:48 Wheelbarrow
26:25 Wheelbarrow
27:26 Bow Saw
28:36 Hand Cart
28:54 Town Watch
29:38 Gambesons
31:09 Chain Mail Armor
31:29 Iron Casting
32:58 Town Patrol
33:41 Bodkin Arrow
38:30 Imperial Age
40:09 Plate Mail Armor
40:39 Blast Furnace
39:13 Capped Ram
40:17 Conscription
39:28 Elite Eagle Warrior
41:17 Garland Wars
43:40 Siege Ram
44:56 Bracer
44:57 Padded Archer Armor
49:28 Caravan
54:27 Crop Rotation
54:30 Pikeman
59:16 Arson
64:49 Leather Archer Armor
64:33 Elite Skirmisher
65:44 Ballistics
66:35 Chemistry
65:31 Murder Holes
65:42 Siege Engineers
80:13 Atlatl
roger777
7:26 Loom
8:27 Loom
10:28 Feudal Age
15:35 Castle Age
13:46 Double-Bit Axe
15:10 Horse Collar
18:22 Bow Saw
27:16 Bloodlines
26:46 Crossbowman
28:51 Wheelbarrow
27:49 Elite Skirmisher
30:09 Hand Cart
30:21 Gold Mining
33:43 Imperial Age
31:47 Heavy Plow
33:53 Scale Barding Armor
33:59 Forging
34:37 Thumb Ring
34:00 Cavalier
34:40 Fletching
35:11 Chain Barding Armor
35:23 Padded Archer Armor
36:26 Chemistry
35:47 Ballistics
37:52 Citadels
37:20 Savar
38:32 Masonry
38:04 Light Cavalry
39:36 Plate Barding Armor
39:37 Iron Casting
39:48 Heavy Camel Rider
43:00 Blast Furnace
43:35 Pikeman
44:16 Squires
45:31 Scale Mail Armor
45:34 Kamandaran
47:15 Chain Mail Armor
47:38 Halberdier
48:04 Gambesons
48:50 Plate Mail Armor
49:14 Hussar
50:09 Bodkin Arrow
50:58 Conscription
51:36 Leather Archer Armor
52:32 Caravan
54:14 Ring Archer Armor
57:20 Architecture
59:07 Husbandry
60:26 Arson
60:05 Elite War Elephant
63:34 Gold Shaft Mining
65:14 Two-Man Saw
69:21 Herbal Medicine
74:18 Stone Mining
Dieguetón
5:09 Loom
12:41 Feudal Age
16:54 Castle Age
15:52 Double-Bit Axe
15:50 Horse Collar
17:39 Wheelbarrow
17:46 Bow Saw
17:49 Gold Mining
17:58 Crossbowman
19:49 Heavy Plow
20:27 Fletching
21:37 Bodkin Arrow
22:21 Town Watch
24:59 Gold Shaft Mining
25:39 Ballistics
25:47 Town Patrol
26:24 Padded Archer Armor
26:43 Masonry
33:30 Imperial Age
31:50 Hand Cart
32:25 Yeomen
32:54 Caravan
34:05 Arbalester
34:57 Warwolf
35:38 Conscription
38:23 Chemistry
37:19 Murder Holes
41:04 Bracer
41:20 Leather Archer Armor
41:51 Elite Longbowman
49:08 Ring Archer Armor
54:57 Treadmill Crane
55:24 Siege Engineers
57:19 Two-Man Saw
56:55 Architecture
56:37 Fortified Wall
64:00 Forging
68:50 Light Cavalry
69:35 Husbandry
73:36 Iron Casting
73:08 Scale Barding Armor
73:39 Iron Casting
78:50 Blast Furnace
78:11 Chain Barding Armor
86:35 Cavalier
Natamoko
7:45 Loom
10:36 Feudal Age
13:29 Double-Bit Axe
15:59 Castle Age
14:33 Horse Collar
16:07 Scale Barding Armor
16:57 Heavy Plow
17:09 Bow Saw
21:28 Fletching
23:36 Wheelbarrow
24:53 Town Watch
25:55 Ballistics
27:08 Wheelbarrow
27:05 Forging
27:40 Gold Mining
28:46 Hand Cart
32:47 Imperial Age
30:50 Town Patrol
32:03 Chain Barding Armor
32:18 Iron Casting
31:44 Padded Archer Armor
32:16 Caravan
34:34 Chemistry
34:08 Conscription
35:01 Cavalier
35:58 Bloodlines
35:48 Husbandry
37:07 Paladin
38:24 Plate Barding Armor
38:25 Iron Casting
37:45 Bodkin Arrow
38:05 Leather Archer Armor
39:26 Masonry
39:15 Stone Mining
40:36 Two-Man Saw
45:18 Pikeman
47:34 Blast Furnace
46:34 Bracer
47:05 Ring Archer Armor
46:44 Halberdier
47:25 Squires
50:29 Scale Mail Armor
52:09 Gambesons
52:57 Elite Conquistador
53:21 Light Cavalry
54:35 Hussar
61:43 Man-at-Arms
62:28 Elite Skirmisher
62:38 Long Swordsman
63:17 Two-Handed Swordsman
64:24 Champion
81:42 Chain Mail Armor
81:50 Bombard Tower
81:15 Arrowslits
82:02 Architecture
81:42 Fortified Wall
81:28 Murder Holes
Connection lost

Rejoining the realm…

Still unreachable

The connection could not be restored.

Session expired

The server has moved on; the page needs a fresh start.